 Dungeon Crawl Stone Soup version 0.19.4-9-g45fd643 (webtiles) character file.

445 galech the Ruffian (level 6, -5/62 HPs)
             Began as a Troll Monk on Feb 20, 2017.
             Slain by Pikel
             ... wielding a +1 whip of electrocution
              (10 damage)
             ... on level 4 of the Dungeon.
             The game lasted 00:06:36 (3897 turns).

galech the Ruffian (Troll Monk)                     Turns: 3897, Time: 00:06:37

Health: -5/62      AC:  6    Str: 22    XL:     6   Next: 72%
Magic:  5/5        EV: 11    Int:  6    God:
Gold:   270        SH:  0    Dex: 12    Spells: 0 memorised, 5 levels left

rFire  x . .     SeeInvis .       - Unarmed
rCold  + . .     Gourm    +     a - +0 robe
rNeg   . . .     Faith    .     (no shield)
rPois  .         Spirit   .     (helmet restricted)
rElec  .         Reflect  .     l - +0 cloak
rCorr  .         Harm     .     (gloves unavailable)
MR     .....                    (boots unavailable)
Stlth  ++........               (no amulet)
                                (no ring)
                                g - ring of ice

@: no status effects
A: unfitting armour, claws 3, fast metabolism 3, gourmand, regeneration 1,
shaggy fur 1, tough skin 2
a: no special abilities


You were on level 4 of the Dungeon.
You were very full.

You visited 1 branch of the dungeon, and saw 5 of its levels.

You collected 270 gold pieces.

Inventory:

Armour
 a - a +0 robe (worn)
 l - a +0 cloak (worn)
Jewellery
 g - a ring of ice (left claw)
Wands
 u - a wand of paralysis (19/24)
Scrolls
 c - 8 scrolls of identify {unknown}
 f - a scroll of enchant weapon {unknown}
 j - a scroll of random uselessness {unknown}
 m - 2 scrolls of teleportation {unknown}
 n - 2 scrolls of remove curse {unknown}
 q - a scroll of magic mapping {unknown}
 s - a scroll of fog {unknown}
 v - a scroll of immolation {unknown}
 w - 2 scrolls of blinking {unknown}
Potions
 d - 2 potions of cancellation {unknown}
 e - 2 potions of brilliance {unknown}
 h - 2 potions of lignification {unknown}
 i - 4 potions of curing {unknown}
 o - a potion of resistance {unknown}
 p - a potion of haste {unknown}
Books
 t - a book of Air

   Spells                             Type                      Level
   a - Shock                          Conjuration/Air              1
   b - Swiftness                      Charms/Air                   2
   c - Repel Missiles                 Charms/Air                   2
   d - Static Discharge               Conjuration/Air              3
   e - Lightning Bolt                 Conjuration/Air              5
Comestibles
 b - 3 bread rations
 k - 4 meat rations
 r - a royal jelly


   Skills:
 + Level 3.8 Fighting
 + Level 3.8 Dodging
 - Level 1.0 Stealth
 * Level 5.8 Unarmed Combat


You had 5 spell levels left.
You didn't know any spells.

Dungeon Overview and Level Annotations

Branches:
Dungeon (5/15)
 Temple: D:4-7

Altars:
Elyvilon
Fedhas
Hepliaklqana
Ru
Vehumet
Zin
The Shining One

Annotations:
D:4 Pikel


Innate Abilities, Weirdness & Mutations

You are too large for most types of armour.
You have claws for hands.
Your metabolism is lightning-fast.
You like to eat raw meat.
Your natural rate of healing is unusually fast.
You are covered in fur. (AC +1)
You have very tough skin. (AC +2)


Message History

Pikel closely misses you.
You completely miss Pikel.
Pikel is moderately wounded.
Pikel hits you but does no damage.
You claw Pikel!
Pikel is heavily wounded.
You scratch Pikel.
Pikel is severely wounded.
Pikel says, "Slavery isn't that bad."
Pikel hits you with a whip of electrocution.
You claw Pikel!
Pikel is almost dead.
Pikel hits you but does no damage.
You are electrocuted!
* * * LOW HITPOINT WARNING * * *
You closely miss Pikel.
Pikel is almost dead.
Pikel hits you with a whip of electrocution!
* * * LOW HITPOINT WARNING * * *
You are electrocuted!
You die...

......###..#####......#
#..........# ######.#
#.########.# #.# #.# ##'##
#.# #.# ##...## #####.####
#.# ##.....## #........#
..#####.......###.##..##.#
....##.......[.##.#...##.#
..............pK@........#
..#.##........p##.#...#..#
....###.......###.##.##..#
#.#.# ##.....## #........#
###.# ##...## #######.##
....# ##+## ####<# #####
#.# #....# # #####.# ###
#.#### # #...#.####.## #.#


You could see Pikel and 2 slaves.

Vanquished Creatures
  Sigmund (D:4)
  2 slaves (D:4)
  A jelly (D:4)
  A hound (D:5)
  A bullfrog skeleton (D:4)
  Crazy Yiuf (D:2)
  An orc wizard (D:4)
  A howler monkey skeleton (D:5)
  2 adders
  An ooze (D:4)
  2 worms
  3 dart slugs
  8 leopard geckos
  6 orcs
  2 ball pythons
  5 giant cockroaches
  7 goblins
  5 hobgoblins
  6 jackals
  A quokka (D:2)
  6 bats
  8 frilled lizards
  5 kobolds
  13 rats
89 creatures vanquished.

Notes
Turn   | Place    | Note
-------+----------+-------------------------------------------
     0 | D:1      | galech the Troll Monk began the quest for the Orb.
     0 | D:1      | Reached XP level 1. HP: 22/22 MP: 0/0
   111 | D:1      | Reached XP level 2. HP: 28/29 MP: 1/1
   913 | D:2      | Reached XP level 3. HP: 31/36 MP: 2/2
  1201 | D:2      | Reached skill level 4 in Unarmed Combat
  1535 | D:2      | Found a runed door.
  1726 | D:2      | Noticed Crazy Yiuf
  1729 | D:2      | Killed Crazy Yiuf
  1729 | D:2      | Reached XP level 4. HP: 45/45 MP: 3/3
  1961 | D:3      | Found a blossoming altar of Fedhas.
  2184 | D:3      | Found a hazy altar of Hepliaklqana.
  2375 | D:3      | Found a radiant altar of Vehumet.
  2562 | D:4      | Reached XP level 5. HP: 53/53 MP: 4/4
  2737 | D:4      | Found a sacrificial altar of Ru.
  2749 | D:4      | Reached skill level 5 in Unarmed Combat
  2990 | D:4      | Found a glowing golden altar of the Shining One.
  2990 | D:4      | Found a glowing silver altar of Zin.
  2991 | D:4      | Found a white marble altar of Elyvilon.
  3083 | D:4      | Noticed Sigmund
  3099 | D:4      | Killed Sigmund
  3099 | D:4      | Reached XP level 6. HP: 23/62 MP: 5/5
  3327 | D:5      | Entered Level 5 of the Dungeon
  3765 | D:5      | Noticed a slave
  3767 | D:5      | Noticed a slave
  3767 | D:5      | Noticed a slave
  3768 | D:5      | Noticed Pikel
  3769 | D:5      | Noticed a slave
  3810 | D:4      | Killed a slave
  3814 | D:4      | Killed a slave
  3897 | D:4      | Slain by Pikel

Skill      XL: |  1  2  3  4  5 |
---------------+----------------+-----
Unarmed Combat | 4 5 |  5.8
Fighting       | 3 |  3.8
Dodging        | 3 |  3.8
Stealth        | |  1.0

Action                   |  1- 3 |  4- 6 || total
-------------------------+-------+-------++-------
Melee: Unarmed           |    86 |   169 ||   255
       Punch             |       |     1 ||     1
 Stab: Sleeping          |     9 |     4 ||    13
       Distracted        |       |     1 ||     1
  Eat: Chunk             |    20 |    20 ||    40
Armor: Robe              |    20 |    40 ||    60
Dodge: Dodged            |    37 |    90 ||   127
